 Dungeon Crawl Stone Soup version 0.26.0-10-g1f06aea511 (webtiles) character file.

Game seed: 13176094499174003247

8217 dohliylev the Cleaver (level 11, -8/97 HPs)
             Began as a Minotaur Berserker on Jan 29, 2021.
             Was an Elder of Trog.
             Shot with a bolt by an orc warrior (15 damage)
             ... on level 2 of the Orcish Mines.
             The game lasted 00:21:23 (10258 turns).

dohliylev the Cleaver (Minotaur Berserker)         Turns: 10258, Time: 00:21:24

Health: -8/97      AC: 22    Str: 25    XL:     11   Next: 7%
Magic:  10/10      EV:  4    Int:  4    God:    Trog [****..]
Gold:   1158       SH: 11    Dex: 10    Spells: 10/10 levels left

rFire    + . .     SeeInvis .   f - +2 hand axe (freeze)
rCold    x . .     Faith    .   t - +0 kite shield {reflect}
rNeg     + . .     Spirit   .   D - +0 crystal plate armour
rPois    .         Reflect  +   (helmet restricted)
rElec    .         Harm     .   y - +0 cloak {Will+}
rCorr    .         Rampage  .   s - +0 pair of gloves
Will     +++..                  (no boots)
Stlth    ..........             h - amulet of magic regeneration
HPRegen  1.26/turn              x - +4 ring of slaying
MPRegen  0.37/turn              d - ring of Pagohai {Fire rN+}

@: berserk cooldown, regenerating (expiring), slowed, very slow
A: retaliatory headbutt, horns 2
a: Renounce Religion, Berserk, Trog's Hand, Brothers in Arms


You were on level 2 of the Orcish Mines.
You worshipped Trog.
Trog was greatly pleased with you.
You visited 2 branches of the dungeon, and saw 11 of its levels.

You collected 1158 gold pieces.

Inventory:

Hand Weapons
 f - a +2 hand axe of freezing (weapon)
 C - a +0 vorpal hand axe
Armour
 s - a +0 pair of gloves (worn)
 t - a +0 kite shield of reflection (worn)
 y - a +0 cloak of willpower (worn)
 D - a +0 crystal plate armour (worn)
 H - a +0 ring mail of cold resistance
Jewellery
 d - the ring of Pagohai (right hand) {Fire rN+}
   (You found it on level 6 of the Dungeon)

   [ring of fire]

   It enhances your fire magic.
   It protects you from fire.
   It makes you vulnerable to cold.
   It protects you from negative energy.
 h - an amulet of magic regeneration (around neck)
 m - an uncursed ring of see invisible
 x - a +4 ring of slaying (left hand)
Scrolls
 e - 3 scrolls of magic mapping {unknown}
 g - 2 scrolls of remove curse
 i - 11 scrolls of identify
 j - 3 scrolls of fog {unknown}
 n - 2 scrolls of immolation {unknown}
 o - 3 scrolls of enchant weapon
 z - 2 scrolls of random uselessness {unknown}
 A - a scroll of enchant armour {unknown}
 B - 4 scrolls of teleportation {unknown}
Potions
 a - a potion of haste {unknown}
 b - 2 potions of heal wounds {unknown}
 c - 2 potions of ambrosia {unknown}
 l - a potion of flight {unknown}
 p - 2 potions of curing {unknown}
 q - a potion of berserk rage {unknown}
 r - 2 potions of degeneration {unknown}
 u - a potion of attraction {unknown}
 w - a potion of lignification {unknown}
 E - 2 potions of mutation {unknown}
 F - 2 potions of might {unknown}
 G - a potion of cancellation {unknown}


   Skills:
 + Level 9.4 Fighting
 + Level 13.8 Axes
 + Level 9.5 Armour
 + Level 3.5 Dodging
 + Level 7.5 Shields


You had 10 spell levels left.
You didn't know any spells.
Your spell library was empty.

Dungeon Overview and Level Annotations

Branches:
Dungeon (9/15)             Temple (0/1) D:4             Orc (2/2) D:9
   Lair: D:8-11         Elf: Orc:2

Altars:
Elyvilon
Nemelex Xobeh
Qazlal
Trog
Wu Jian

Shops:
D:4 [


Innate Abilities, Weirdness & Mutations

You reflexively headbutt those who attack you in melee.
You have a pair of horns on your head.


Message History

An orc warrior comes into view. It is wielding a +0 war axe.
The orc warrior hits you with a +0 halberd!
* * * LOW HITPOINT WARNING * * *
You hear a shout!
Your ogre hits the orc warrior but does no damage.
The orc warrior hits your ogre with a +0 halberd!
You hit the orc warrior. You freeze the orc warrior.
The orc warrior is almost dead.
Your crystal plate armour prevents you from hitting the orc warrior.
Your ogre hits the orc warrior with a +0 giant spiked club!!!
The orc warrior dies!
Trog accepts your kill.
The orc warrior hits you with a +0 battleaxe!
* * * LOW HITPOINT WARNING * * *
The orc warrior shoots a bolt.
The bolt hits you!
* * * LOW HITPOINT WARNING * * *
The orc warrior unwields a +0 broad axe.
The orc warrior wields a +0 arbalest.
The orc warrior shoots a bolt.
The bolt hits you!
You die...

##.#...#.................
##....##...##..##..##...
##....#..##..........≈≈
##.....)#).........≈≈≈
#....(((().......≈≈≈≈#
##.#...(#)))...≈≈≈≈#
#.##...#))).)≈≈≈≈####
...##......)(o...o...
.#.# #.......@)(oo.o(o
....# #..#....O≈≈≈≈####
#. ... #..#......≈≈≈≈# ##
#. #.........(.≈≈≈≈
#..#..........≈≈≈
..##..........≈≈
##..##..##... ... ... ..


You could see 3 orc warriors, 2 orcs and a friendly ogre (summoned, berserk).

Vanquished Creatures
  A two-headed ogre (D:9)
  A wizard (D:9)
  An orc sorcerer (Orc:1)
  The ghost of p0werm0de the Skirmisher, an amateur PaCK of Xom (D:5)
  A shadow (D:9)
  A wyvern (D:8)
  A water moccasin (D:7)
  A sky beast (D:7)
  3 ice beasts (D:9)
  14 orc warriors
  5 phantoms
  3 black bears
  7 ogres
  6 centaurs
  3 bullfrogs
  A wyvern zombie (D:6)
  2 scorpions
  3 troll zombies (D:9)
  3 howler monkeys
  9 electric eels (D:9)
  A bullfrog zombie (D:9)
  A quasit (D:7)
  5 hounds
  A centaur zombie (D:5)
  A jelly (D:9)
  9 orc priests
  Crazy Yiuf (D:4)
  9 orc wizards
  Natasha (thrice) (D:2)
  3 iguanas
  4 worker ants
  2 killer bee zombies (D:6)
  5 ogre zombies (D:9)
  A worker ant zombie (D:6)
  9 river rats (D:6)
  15 adders
  4 gnolls (D:5)
  2 white imps
  3 ufetubi
  2 adder skeletons
  An adder zombie (D:8)
  2 worms (D:3)
  The ghost of Goblin1989 the Sneak, a weakling DsDe (D:5)
  A dart slug (D:1)
  4 leopard geckos
  34 orcs
  4 ball pythons
  8 giant cockroaches
  8 goblins
  4 hobgoblins
  8 jackals
  6 quokkas
  A ball python skeleton (D:4)
  A ball python zombie (D:6)
  9 bats
  7 frilled lizards
  2 giant cockroach zombies (D:6)
  A goblin skeleton (D:9)
  6 goblin zombies (D:9)
  A hobgoblin zombie (D:9)
  2 jackal skeletons (D:7)
  4 kobolds
  A leopard gecko skeleton (D:7)
  A leopard gecko zombie (D:6)
  2 orc skeletons (D:9)
  15 orc zombies (D:9)
  2 quokka skeletons
  25 rats
309 creatures vanquished.

Vanquished Creatures (collateral kills)
  An orc warrior (Orc:2)
  2 electric eels (D:9)
3 creatures vanquished.

Vanquished Creatures (others)
  7 plants (D:9)
  4 withered plants (D:6)
11 creatures vanquished.

Grand Total: 323 creatures vanquished

Notes
Turn   | Place    | Note
-------+----------+-------------------------------------------
     0 | D:1      | dohliylev the Minotaur Berserker began the quest for the
                  | Orb.
     0 | D:1      | Reached XP level 1. HP: 19/19 MP: 0/0
   316 | D:1      | Reached XP level 2. HP: 27/27 MP: 1/1
   426 | D:1      | Reached skill level 4 in Axes
   870 | D:2      | Reached XP level 3. HP: 28/33 MP: 2/2
   870 | D:2      | Reached ** piety under Trog
   884 | D:2      | Noticed Natasha
   890 | D:2      | Killed Natasha
  1009 | D:2      | Noticed Natasha
  1016 | D:2      | Killed Natasha
  1017 | D:2      | Reached skill level 5 in Axes
  1017 | D:2      | Reached XP level 4. HP: 41/41 MP: 3/3
  1027 | D:2      | Noticed Natasha
  1031 | D:2      | Killed Natasha
  1401 | D:2      | Found a sparkling altar of Nemelex Xobeh.
  1614 | D:3      | Reached XP level 5. HP: 43/47 MP: 4/4
  1869 | D:3      | Found a white marble altar of Elyvilon.
  1934 | D:3      | Reached skill level 6 in Axes
  2292 | D:3      | Reached XP level 6. HP: 40/55 MP: 5/5
  2533 | D:3      | Reached *** piety under Trog
  2706 | D:4      | Reached skill level 5 in Fighting
  2738 | D:4      | Reached skill level 1 in Shields
  2812 | D:4      | Found Obicw's Armour Shoppe.
  3079 | D:4      | Found a runed translucent door.
  3080 | D:4      | Noticed Crazy Yiuf
  3513 | D:4      | Found a staircase to the Ecumenical Temple.
  3673 | D:4      | Killed Crazy Yiuf
  3674 | D:4      | Reached skill level 7 in Axes
  3821 | D:5      | Entered Level 5 of the Dungeon
  3831 | D:5      | Reached XP level 7. HP: 48/61 MP: 6/6
  4076 | D:5      | Reached skill level 8 in Axes
  4495 | D:5      | Noticed p0werm0de's ghost (amateur PaCK)
  4495 | D:5      | Noticed Goblin1989's ghost (weakling DsDe)
  4496 | D:5      | Found a runed translucent gate.
  4496 | D:5      | Found a runed translucent gate.
  4496 | D:5      | Found a runed translucent gate.
  4504 | D:5      | Killed Goblin1989's ghost
  4510 | D:5      | Killed p0werm0de's ghost
  4511 | D:5      | Reached skill level 9 in Axes
  4511 | D:5      | Reached skill level 5 in Armour
  4511 | D:5      | Reached XP level 8. HP: 70/70 MP: 7/7
  5065 | D:6      | Got a pair of distressingly furry gloves
  5080 | D:6      | Identified the cursed +0 pair of gloves of Bad Feelings
                  | {Rampage Int+3 Dex-4} (You found it on level 6 of the
                  | Dungeon)
  5246 | D:6      | Got a smoking iron ring
  5248 | D:6      | Identified the ring of Pagohai {Fire rN+} (You found it on
                  | level 6 of the Dungeon)
  5427 | D:6      | Found an ornate altar of the Wu Jian Council.
  5608 | D:6      | Reached **** piety under Trog
  5624 | D:6      | Reached skill level 10 in Axes
  5912 | D:6      | Found a bloodstained altar of Trog.
  6157 | D:7      | Reached XP level 9. HP: 75/78 MP: 8/8
  6340 | D:7      | Reached skill level 11 in Axes
  6971 | D:8      | Reached ***** piety under Trog
  7092 | D:8      | Reached skill level 5 in Shields
  7278 | D:8      | Found a stormy altar of Qazlal.
  7422 | D:9      | Noticed a wizard
  7432 | D:9      | Reached skill level 12 in Axes
  7441 | D:9      | Noticed a two-headed ogre
  7447 | D:9      | Killed a wizard
  7450 | D:9      | Received a gift from Trog
  7456 | D:9      | Reached XP level 10. HP: 88/88 MP: 9/9
  7464 | D:9      | Killed a two-headed ogre
  7722 | D:9      | Got an emerald-encrusted scale mail
  7734 | D:9      | Identified the +6 scale mail "Utior" {Int+5} (You found it
                  | on level 9 of the Dungeon)
  7857 | D:9      | Found a staircase to the Orcish Mines.
  7918 | D:9      | Reached skill level 13 in Axes
  9711 | Orc:1    | Entered Level 1 of the Orcish Mines
  9725 | Orc:1    | Noticed an orc sorcerer
  9734 | Orc:1    | Killed an orc sorcerer
 10172 | Orc:2    | Entered Level 2 of the Orcish Mines
 10233 | Orc:2    | Reached XP level 11. HP: 73/97 MP: 10/10
 10258 | Orc:2    | Shot with a bolt by an orc warrior

Illustrated notes

Levels and vault maps discovered:
D:1:      elethiomel_arrival_maze, layout_loops_ring, minmay_tromino_mix6
D:2:      layout_loops_ring, lemuel_round_altar, uniq_natasha
D:3:      layout_basic, marbit_many_paths
D:4:      layout_loops_ring, lemuel_temple_firewalk_b, serial_shops,
          kennysheep_mini, uniq_crazy_yiuf_cottage
D:5:      layout_loops_ring, gammafunk_ghost_cemetery
D:6:      lemuel_ratsnest, layout_basic, nzn_wu_jian_contemplation,
          serial_undead, serial_undead_e, serial_undead_b, serial_undead_b,
          serial_undead_a, bloody_trog
D:7:      layout_loops_corners, kennysheep_generic_room_3
D:8:      layout_cave_pools, general_overflow_altar
D:9:      cheibrodos_two_vegetables, layout_basic, zombieorc2_lemuel,
          minmay_pinched_square
Orc:1:    layout_caves
Orc:2:    st_orc_rangers, layout_caves, basic_altar,
          gammafunk_ghost_abyssal_escape, uniq_urug

Skill      XL: |  1  2  3  4  5  6  7  8  9 10 |
---------------+-------------------------------+-----
Fighting       | 4 5 6 8 9 |  9.4
Axes           | 4 5 6 7 9 10 12 13 | 13.8
Armour         | 3 4 5 6 7 9 |  9.5
Shields        | 2 3 5 7 |  7.5
Dodging        | 3 |  3.5

Action                   |  1- 3 |  4- 6 |  7- 9 | 10-12 || total
-------------------------+-------+-------+-------+-------++-------
Melee: Hand axe          |    71 |   116 |   130 |   218 ||   535
       Headbutt          |     6 |    23 |    59 |    50 ||   138
       War axe           |       |    40 |   147 |       ||   187
Invok: Berserk           |     2 |     2 |     2 |     2 ||     8
       Trog's Hand       |       |       |       |     7 ||     7
       Brothers in Arms  |       |       |       |     2 ||     2
  Use: Scroll            |       |       |     3 |     1 ||     4
Armor: Ring mail         |    22 |       |       |       ||    22
       Chain mail        |    24 |    78 |    88 |       ||   190
       Leather armour    |       |       |     4 |       ||     4
       Crystal plate arm |       |       |    15 |    87 ||   102
Dodge: Dodged            |    43 |    56 |    56 |    28 ||   183
Block: Kite shield       |       |    37 |   105 |    79 ||   221
       Reflection        |       |     3 |     3 |    11 ||    17
